 Dungeon Crawl Stone Soup version 0.31.0-9-g3a7656b989 (webtiles) character file.

Game seed: 6886093091103261187

14 qw the Shooter (level 2, -6/14 HPs)
             Began as a Spriggan Hunter on Feb 2, 2024.
             Mangled by a gnoll
             ... wielding a +0 flail
              (11 damage)
             ... on level 1 of the Dungeon.
             The game lasted 00:00:00 (242 turns).

qw the Shooter (Spriggan Hunter)                     Turns: 242, Time: 00:00:00

Health: -6/14      AC:  2    Str:  7    XL:     2   Next: 27%
Magic:  3/3        EV: 19    Int: 10    God:
Gold:   22         SH:  0    Dex: 18    Spells: 1/1 levels left

rFire   . . .        a - +0 shortbow
rCold   . . .        (shield currently unavailable)
rNeg    . . .        c - +0 robe
rPois   .            (helmet restricted)
rElec   .            (no cloak)
rCorr   .            (gloves unavailable)
SInv    +            (boots unavailable)
Will    .....        (no amulet)
Stlth   ++           (no ring)
HPRegen 0.22/turn    (no ring)
MPRegen 0.08/turn

%: no passive effects
@: very quick
A: very small, no large weapons, unfitting armour, see invisible, speed 3
a: no special abilities


You were on level 1 of the Dungeon.
You visited 1 branch of the dungeon, and saw 1 of its levels.

You collected 22 gold pieces.


Innate Abilities, Weirdness & Mutations

You are very small and have problems with some larger weapons.
You are too small for most types of armour.
You have supernaturally acute eyesight. (SInv)
You cover ground extremely quickly. (Speed+++)


   Skills:
 - Level 1.5 Fighting
 + Level 4.0 Ranged Weapons
 - Level 4.0 Dodging
 - Level 1.5 Stealth


You had one spell level left.
You didn't know any spells.
Your spell library was empty.

Inventory:

Hand Weapons
 a - a +0 shortbow (weapon)
Armour
 c - a +0 robe (worn)
Scrolls
 b - a scroll of butterflies
 d - a scroll of revelation {unknown}
 f - a scroll of amnesia {unknown}
Potions
 e - a potion of mutation {unknown}

Dungeon Overview and Level Annotations

Branches:
Dungeon (1/15)

Altars:


Message History

You see here 4 stones.
You enter the shallow water.
Moving in this stuff is going to be slow.
You enter the shallow water.
Moving in this stuff is going to be slow.
You enter the shallow water.
Moving in this stuff is going to be slow.
You enter the shallow water.
Moving in this stuff is going to be slow.
You enter the shallow water.
Moving in this stuff is going to be slow.
f - a scroll labelled UMU TAAKOSI
Found a mace.
A gnoll comes into view. It is wielding a +0 flail.
Found a pair of gloves.
You shoot an arrow. The arrow hits the gnoll.
The gnoll shouts!
The gnoll is lightly wounded.
You hear a shout!
A ball python comes into view.
You shoot an arrow. The arrow closely misses the gnoll.
You shoot an arrow.
The arrow barely misses the ball python.
A kobold comes into view. It is wielding a +0 dagger.
You shoot an arrow. The arrow hits the ball python.
You kill the ball python!
The kobold throws a stone.
The stone closely misses you.
A kobold comes into view. It is wielding a +0 whip.
You shoot an arrow. The arrow completely misses the gnoll.
The kobold shouts!
The gnoll closely misses you.
You shoot an arrow.
The arrow hits the gnoll but does no damage.
The gnoll is lightly wounded.
The gnoll hits you with a +0 flail!
Ouch! That really hurt!
You shoot an arrow. The arrow closely misses the gnoll.
The gnoll hits you with a +0 flail!
Ouch! That really hurt!
You die...

......[ .......
....... ......K
...)..K .......
......g############
#@..........# ###
#.#########.####..
#.# #.#....# #.#
#.###..# #.# #.#
#..# ..# #.# #...
### #.# #.## #.#
#.# #.###.#


You could see a gnoll and 2 kobolds.

Vanquished Creatures
  A ball python (D:1)
  An endoplasm (D:1)
  A giant cockroach (D:1)
  2 goblins (D:1)
  2 hobgoblins (D:1)
  2 jackals (D:1)
  A bat (D:1)
  A rat (D:1)
11 creatures vanquished.

Notes
Turn   | Place    | Note
-------+----------+-------------------------------------------
     0 | D:1      | qw the Spriggan Hunter began the quest for the Orb.
     0 | D:1      | Reached XP level 1. HP: 10/10 MP: 2/2
     0 | D:1      | 0 ||| qw: Version: 0.3-a-155-g5e7d8dd
     0 | D:1      | 0 ||| qw: Game counter: 1122
     0 | D:1      | 0 ||| qw: Melee chars always use a shield: true
     0 | D:1      | 0 ||| qw: God list: Okawaru
     0 | D:1      | 0 ||| qw: Allow faded altars: false
     0 | D:1      | 0 ||| qw: Do Orc after clearing Dungeon:15 true
     0 | D:1      | 0 ||| qw: Do second Lair branch before Depths: true
     0 | D:1      | 0 ||| qw: Lair rune preference: random
     0 | D:1      | 0 ||| qw: Goals: Normal
     0 | D:1      | 0 ||| PLANNING D:1-11
    16 | D:1      | Reached skill level 3 in Dodging
    42 | D:1      | Reached XP level 2. HP: 14/14 MP: 3/3
    83 | D:1      | Found a faded altar of an unknown god.
   242 | D:1      | Mangled by a gnoll

Levels and vault maps discovered:
D:1:      minmay_arrival_three_doors, layout_basic,
          hellmonk_ecumenical_altar_dog_temple, serial_bayou_crossing

Skill      XL: |  1  2 |
---------------+-------+-----
Dodging        | 3 4 |  4.0
Fighting       | |  1.5
Ranged Weapons | |  4.0
Stealth        | |  1.5

Action                     || total
---------------------------++-------
   Fire: Shortbow          ||    25
 Armour: Robe              ||     2
  Dodge: Dodged            ||    13

Table legend:
 A = Non-vault XP
 B = Vault XP
 C = Vault XP percentage of total XP
 D = Non-vault monster count
 E = Vault monster count
 F = Vault count percentage of total count
                 A         B        C        D         E       F
            +---------+---------+-------+---------+---------+-------
      Total |      16 |       4 |  20.0 |       9 |       2 |  18.2
            +---------+---------+-------+---------+---------+-------
        D:1 |      16 |       4 |  20.0 |       9 |       2 |  18.2
            +---------+---------+-------+---------+---------+-------
